Map: 2000 Atmospheres LE

Players

DisK - Winner!

  • Race: Protoss Protoss
  • League: Master

Zoun

  • Race: Protoss Protoss

Event: DreamHack SC2 Masters Last Chance 2022

VOD

Have the link to the VOD?

Description

Time

  • Played on: Dec. 19, 2021, 6:11 p.m.
  • Length: 7:46

All games in this series

Show
View Real Time Build Order
Export as new Build Order

DisK Protoss - Winner!

Build Orders:  

Get SALT Encoding   

  12  0:00  Probe  
  13  0:12  Probe  
  14  0:17  Pylon  
  14  0:24  Probe  
  15  0:35  Gateway  
  15  0:36  Probe (Chrono Boost)  
  16  0:45  Probe (Chrono Boost)  
  16  0:46  Assimilator  
  17  0:50  Probe  
  17  0:54  Assimilator  
  18  1:02  Probe (Chrono Boost)  
  19  1:07  Gateway  
  19  1:13  Probe (Chrono Boost)  
  20  1:18  Probe  
  20  1:24  Cybernetics Core  
  21  1:30  Probe  
  22  1:35  Pylon  
  22  1:42  Probe  
  23  1:54  Probe  
  24  2:01  Stalker x2, Warp Gate (Chrono Boost)  
  28  2:10  Probe  
  28  2:14  Pylon  
  29  2:24  Probe  
  29  2:27  Pylon  
  30  2:35  Stalker x2  
  34  2:56  Nexus  
  34  3:03  Shield Battery  
  34  3:05  Probe  
  35  3:16  Shield Battery  
  35  3:19  Sentry  
  39  3:20  Sentry  
  39  3:29  Twilight Council  
  39  3:39  Shield Battery  
  39  3:50  Pylon  
  39  4:01  Probe  
  38  4:10  Stalker x2  
  38  4:15  Probe (Chrono Boost)  
  42  4:18  Probe (Chrono Boost)  
  42  4:20  Blink (Chrono Boost)  
  42  4:24  Probe (Chrono Boost)  
  42  4:27  Probe (Chrono Boost)  
  41  4:32  Probe  
  41  4:37  Probe  
  41  4:38  Stalker  
  43  4:44  Probe  
  44  4:46  Stalker  
  44  4:49  Probe  
  47  4:56  Probe  
  48  5:01  Probe  
  48  5:06  Robotics Facility  
  49  5:08  Probe  
  49  5:13  Probe  
  51  5:20  Probe  
  48  5:23  Stalker x2  
  48  5:28  Probe, Pylon  
  51  5:36  Probe  
  51  5:40  Gateway, Probe  
  51  5:41  Gateway  
  53  5:44  Assimilator  
  53  5:48  Probe  
  54  5:52  Stalker  
  54  5:53  Stalker  
  54  5:54  Observer  
  54  5:55  Probe  
  60  6:00  Probe  
  61  6:06  Gateway  
  61  6:08  Gateway  
  60  6:18  Stalker x2  
  47  6:38  Stalker  
  49  6:42  Stalker x2  
  53  6:53  Stalker  
  55  6:56  Probe x2  
  56  7:16  Stalker x2, Zealot x3  
  56  7:18  Probe  
  67  7:31  Probe  
  67  7:32  Stalker  
Show
View Real Time Build Order
Export as new Build Order

Zoun Protoss 

Build Orders: Oracle Opening 

Get SALT Encoding   

  12  0:00  Probe  
  13  0:12  Probe  
  14  0:17  Pylon  
  14  0:24  Probe (Chrono Boost)  
  15  0:36  Probe (Chrono Boost)  
  15  0:37  Gateway  
  16  0:45  Probe (Chrono Boost)  
  16  0:46  Assimilator  
  17  0:51  Probe  
  18  0:58  Assimilator  
  18  1:03  Probe (Chrono Boost)  
  19  1:07  Gateway  
  19  1:13  Probe (Chrono Boost)  
  19  1:18  Probe (Chrono Boost)  
  21  1:26  Cybernetics Core  
  21  1:29  Probe  
  22  1:35  Pylon  
  22  1:41  Probe  
  23  1:54  Probe  
  24  2:02  Stalker x2  
  24  2:04  Warp Gate (Chrono Boost)  
  28  2:13  Pylon  
  28  2:15  Probe  
  29  2:24  Stargate  
  29  2:37  Adept x2  
  33  3:03  Nexus  
  33  3:08  Oracle (Chrono Boost)  
  36  3:19  Probe, Shield Battery  
  37  3:29  Pylon  
  37  3:38  Shield Battery  
  35  3:49  Sentry  
  35  3:50  Stalker  
  39  4:05  Pylon  
  39  4:15  Stalker, Probe  
  39  4:16  Stalker  
  44  4:17  Probe  
  40  4:27  Probe (Chrono Boost)  
  33  4:32  Oracle  
  33  4:36  Probe (Chrono Boost)  
  35  4:40  Stalker x2  
  39  4:47  Probe x2 (Chrono Boost)  
  41  4:56  Probe x2  
  43  5:04  Stalker x2  
  47  5:08  Probe x2  
  49  5:20  Oracle (Chrono Boost)  
  43  5:27  Zealot x2  
  50  5:28  Probe  
  50  5:35  Probe  
  52  5:40  Probe  
  52  5:41  Pylon  
  53  5:47  Twilight Council  
  53  5:49  Zealot  
  55  5:51  Stalker  
  55  5:54  Probe  
  56  5:57  Probe  
  56  5:59  Shield Battery  
  56  6:01  Assimilator  
  57  6:08  Probe  
  57  6:12  Stalker x2  
  57  6:21  Probe  
  55  6:31  Stalker  
  55  6:32  Probe  
  56  6:33  Probe  
  56  6:38  Assimilator  
  55  6:41  Gateway x2  
  55  6:44  Probe  
  55  6:46  Probe  
  57  6:51  Stalker  
  59  6:56  Probe  
  59  6:58  Probe  
  59  6:59  Pylon  
  61  7:04  Stalker  
  63  7:08  Probe  
  63  7:10  Probe  
  62  7:17  Stalker  
  62  7:28  Stalker  
  60  7:37  Stalker  
  60  7:39  Stalker  

Tags
 
Add a new tag
Caveats
  • Supply blocks, unpowered buildings, or Contaminate may cause inaccurate times.
  • Supply counts are checked every 10 seconds.